 Dungeon Crawl Stone Soup version 0.24.0-1-gfbc8707 (webtiles) character file.

Game seed: 10313949037055545110, levelgen mode: deterministic

126 Buxparty the Bolt Thrower (level 4, -10/40 HPs)
             Began as a Deep Dwarf Hunter on Dec 27, 2019.
             Mangled by an orc warrior
             ... wielding a +0 war axe
              (18 damage)
             ... on level 7 of the Dungeon.
             The game lasted 00:06:17 (1576 turns).

Buxparty the Bolt Thrower (Deep Dwarf Hunter)       Turns: 1576, Time: 00:06:17

Health: -10/40     AC:  3    Str: 17    XL:     4   Next: 83%
Magic:  3/3        EV: 13    Int: 12    God:
Gold:   122        SH:  0    Dex: 14    Spells: 3/3 levels left

rFire    . . .     SeeInvis .   b - +0 short sword
rCold    + . .     Gourm    .   (no shield)
rNeg     . . .     Faith    .   c - +0 leather armour
rPois    .         Spirit   .   (no helmet)
rElec    .         Reflect  .   (no cloak)
rCorr    .         Harm     .   (no gloves)
MR       .....                  (no boots)
Stlth    ++........             (no amulet)
HPRegen  0.00/turn              j - +2 ring of strength
MPRegen  0.08/turn              k - ring of protection from cold (curse)

@: non-regenerating
A: damage resistance, heal wounds, sense surroundings 1, no regeneration
a: Heal Wounds


You were on level 7 of the Dungeon.
You were not hungry.

You visited 1 branch of the dungeon, and saw 5 of its levels.

You collected 122 gold pieces.

Inventory:

Hand Weapons
 a - a +1 hand crossbow
 b - a +0 short sword (weapon)
Missiles
 d - 20 bolts
Armour
 c - a +0 leather armour (worn)
 l - a +1 cloak
Jewellery
 j - a +2 ring of strength (left hand)
 k - a cursed ring of protection from cold (right hand)
 n - an uncursed ring of flight {unknown}
Scrolls
 e - a scroll of fog
Potions
 g - a potion of haste
 h - 2 potions of curing
Comestibles
 f - 4 rations


   Skills:
 + Level 2.6 Fighting
 + Level 2.0 Short Blades
 + Level 4.7 Crossbows
 + Level 2.1 Armour
 + Level 2.8 Dodging
 + Level 1.6 Stealth


You had 3 spell levels left.
You didn't know any spells.
Your spell library was empty.

Dungeon Overview and Level Annotations

Branches:
Dungeon (7/15)
 Temple: D:4-7

Altars:

Annotations:
D:3 1 transporter, mbarcy's ghost, amateur HOFi


Innate Abilities, Weirdness & Mutations

You are resistant to damage.
You can heal yourself by infusing magical energy.
You passively map a small area around you.
You do not regenerate.


Message History

The orc warrior misses you.
You hit the orc warrior but do no damage.
The orc warrior is lightly wounded.
The orc warrior barely misses you.
The bullfrog snags a nearby small bird with its tongue.
Your magical essence is drained by the effort!
You feel much better.
The orc warrior hits you with a +0 war axe!
You hit the orc warrior but do no damage.
The orc warrior is lightly wounded.
The orc warrior closely misses you.
You hit the orc warrior.
The orc warrior is moderately wounded.
You barely miss the orc warrior.
The orc warrior is moderately wounded.
The orc warrior hits you with a +0 war axe!!
* * * LOW HITPOINT WARNING * * *
You fail to use your ability.
The orc warrior hits you with a +0 war axe!!
You die...

, , , , *
,,* , ,
,, , *
*,, ***
...######
....Foo@#
* * *
#########


You could see an orc warrior, a bullfrog and an orc.

Vanquished Creatures
  4 adders
  A gnoll (D:1)
  2 oozes (D:1)
  A worm (D:2)
  3 dart slugs
  2 leopard geckos (D:3)
  7 orcs
  A ball python (D:3)
  5 giant cockroaches
  5 goblins
  A hobgoblin (D:3)
  A quokka (D:2)
  8 bats
  8 frilled lizards
  6 kobolds
  3 rats (D:1)
58 creatures vanquished.

Notes
Turn   | Place    | Note
-------+----------+-------------------------------------------
     0 | D:1      | Buxparty the Deep Dwarf Hunter began the quest for the Orb.
     0 | D:1      | Reached XP level 1. HP: 19/19 MP: 1/1
   245 | D:1      | Reached XP level 2. HP: 13/26 MP: 2/2
   640 | D:1      | Reached skill level 1 in Armour
   640 | D:1      | Reached XP level 3. HP: 25/32 MP: 3/3
   749 | D:2      | Reached skill level 1 in Short Blades
  1057 | D:2      | Reached XP level 4. HP: 30/40 MP: 4/4
  1334 | D:3      | Noticed an ogre
  1334 | D:3      | Noticed mbarcy's ghost (amateur HOFi)
  1492 | D:3      | Found a transporter.
  1492 | D:3      | Identified the +11 dire flail "Neod" {vamp, rF+ rN+}
  1492 | D:3      | Noticed an ogre
  1537 | D:3      | You fall into a shaft and drop 3 floors!
  1537 | D:6      | Noticed a bullfrog
  1538 | D:6      | Noticed an orc warrior
  1576 | D:7      | Mangled by an orc warrior

Levels and vault maps discovered:
D:1:      erik_arrival_gehennom, layout_loops_ring, minmay_quantized
D:2:      layout_basic
D:3:      layout_rooms, lemuel_round_altar, gammafunk_ghost_smash
D:6:      layout_layer_cave, gammafunk_temple_overflow_pools
D:7:      layout_basic, hangedman_ru_absence, basic_altar, enter_bailey_2

Skill      XL: |  1  2  3  4 |
---------------+-------------+-----
Fighting       | 2 |  2.6
Armour         | 1 2 |  2.1
Short Blades   | 1 2 |  2.0
Crossbows      | |  4.7
Dodging        | |  2.8
Stealth        | |  1.6

Action                   |  1- 3 |  4- 6 || total
-------------------------+-------+-------++-------
Melee: Short sword       |   156 |   138 ||   294
 Abil: Heal Wounds       |     7 |     4 ||    11
  Use: Potion            |     3 |       ||     3
       Scroll            |     2 |     5 ||     7
 Stab: Sleeping          |     3 |     1 ||     4
  Eat: Ration            |     1 |       ||     1
Armor: Leather armour    |    31 |    32 ||    63
Dodge: Dodged            |   110 |   126 ||   236
